 Dungeon Crawl Stone Soup version 0.28.0-53-g5a82cb258f (webtiles) character file.

Game seed: 13031256015458053823

133 mcbry74 the Covered (level 4, -1/41 HPs)
             Began as a Minotaur Fighter on July 12, 2022.
             Was an Initiate of Okawaru.
             Killed from afar by an orc wizard (3 damage)
             ... with a magic dart
             ... on level 4 of the Dungeon.
             The game lasted 00:04:35 (1212 turns).

mcbry74 the Covered (Minotaur Fighter)              Turns: 1212, Time: 00:04:36

Health: -1/41      AC: 11    Str: 20    XL:     4   Next: 94%
Magic:  3/3        EV:  5    Int:  7    God:    Okawaru [......]
Gold:   50         SH:  4    Dex: 10    Spells: 3/3 levels left

rFire   . . .      SeeInvis .   a - +0 war axe
rCold   . . .      Faith    .   c - +0 buckler
rNeg    . . .      Spirit   .   l - +0 plate armour
rPois   .          Reflect  .   (helmet restricted)
rElec   .          Harm     .   (no cloak)
rCorr   .          Rampage  .   (no gloves)
Will    .....                   (no boots)
Stlth   ..........              (no amulet)
HPRegen 0.13/turn               (no ring)
MPRegen 0.08/turn               (no ring)

@: brilliant
A: horns 2, retaliatory headbutt
a: Renounce Religion


You were on level 4 of the Dungeon.
You worshipped Okawaru.
Okawaru was noncommittal.
You visited 2 branches of the dungeon, and saw 4 of its levels.

You collected 50 gold pieces.

Inventory:

Hand Weapons
 a - a +0 war axe (weapon)
 m - a +2 vampiric trident
Missiles
 f - 2 poisoned darts (quivered)
Armour
 b - a +0 scale mail
 c - a +0 buckler (worn)
 l - a +0 plate armour (worn)
Wands
 n - a wand of paralysis (7)
Scrolls
 g - a scroll of vulnerability {unknown}
 h - 2 scrolls of summoning {unknown}
 j - a scroll of fog {unknown}
 o - a scroll of identify {unknown}
 p - a scroll of enchant weapon {unknown}
Potions
 d - a potion of might
 i - a potion of curing {unknown}
 k - a potion of mutation {unknown}


   Skills:
 + Level 4.3 Fighting
 * Level 4.1 Axes
 + Level 1.3 Throwing
 + Level 4.3 Armour
 + Level 4.3 Shields


You had 3 spell levels left.
You didn't know any spells.
Your spell library contained the following spells:

 Spells                   Type           Power      Damage    Failure   Level
 Apportation              Tloc           0%         N/A       100%        1
 Alistair's Intoxication  Tmut/Pois      0%         N/A       100%        5
 Animate Skeleton         Necr           Unusable   N/A       N/A         1
 Summon Small Mammal      Summ           Unusable   N/A       N/A         1

Dungeon Overview and Level Annotations

Branches:
Dungeon (4/15)             Temple (1/1) D:4

Altars:
Cheibriados
Dithmenos
Elyvilon
Fedhas
Gozag
Hepliaklqana
Kikubaaqudgha
Okawaru
Ru
Trog
Uskayaw
Xom
Zin
The Shining One


Innate Abilities, Weirdness & Mutations

You have a pair of horns on your head.
You reflexively headbutt those who attack you in melee.


Message History

You feel less confused. Something hits you.
Something hits you but does no damage.
There is a fountain of clear blue water here.
Something hits you but does no damage.
You barely miss something. Your headbutt misses something. Something hits you.
Something hits you but does no damage.
You hit something. Something hits you but does no damage.
You hit something but do no damage. Your headbutt misses something.
An orc wizard appears from thin air!
Reactivating autopickup.
The orc wizard points at you and mumbles some strange words.
You resist with some effort.
You barely miss the orc wizard. Your headbutt misses the orc wizard.
The orc wizard is severely wounded.
The orc wizard hits you but does no damage.
The orc wizard casts a spell at you. The puff of flame hits you.
* * * LOW HITPOINT WARNING * * *
You hit the orc wizard but do no damage.
The orc wizard is severely wounded.
The orc wizard hits you with a +0 dagger.
* * * LOW HITPOINT WARNING * * *
You completely miss the orc wizard.
The orc wizard is severely wounded.
The orc wizard casts a spell at you. The puff of flame hits you!
* * * LOW HITPOINT WARNING * * *
You barely miss the orc wizard.
The orc wizard is severely wounded.
The orc wizard hits you but does no damage.
The orc wizard casts a spell.
The orc wizard flickers and vanishes!
Deactivating autopickup; reactivate with Ctrl-A.
It was a potion of brilliance.
You feel clever all of a sudden.
You hear some strange, mumbled words.
A magic dart appears from out of thin air!
The magic dart hits you.
You die...

... #.##.....#
... #....#####
..[. #..#.#
#... #...##.##
#....
....###..#
..## ###'### #
#.....#
###.####.⌠.⌠.#
.....(.){@>..+
.?.....#.⌠.⌠.#
.......#.....#
.......###+###
.......
.......
.......
.......


There were no monsters in sight!

Vanquished Creatures
  A scorpion (D:4)
  A centaur skeleton (D:4)
  An adder (D:4)
  An adder skeleton (D:4)
  2 dart slugs
  3 orcs (D:4)
  2 hobgoblins
  4 kobolds (D:1)
  3 quokkas
  3 ball pythons
  6 bats
  A frilled lizard (D:1)
  4 goblins
  A quokka skeleton (D:4)
33 creatures vanquished.

Notes
Turn   | Place    | Note
-------+----------+-------------------------------------------
     0 | D:1      | mcbry74 the Minotaur Fighter began the quest for the Orb.
     0 | D:1      | Reached XP level 1. HP: 19/19 MP: 0/0
    90 | D:1      | Reached XP level 2. HP: 26/27 MP: 1/1
   199 | D:1      | Found a faded altar of an unknown god.
   221 | D:1      | Prayed at the altar of an unknown god.
   221 | D:1      | Became a worshipper of Ru the Awakened
   789 | D:2      | You fall into a shaft and drop 2 floors!
   804 | D:4      | Reached XP level 3. HP: 33/33 MP: 2/2
   917 | D:4      | Reached skill level 1 in Throwing
   917 | D:4      | Reached XP level 4. HP: 38/40 MP: 3/3
  1071 | D:4      | Found a staircase to the Ecumenical Temple.
  1077 | Temple   | Entered the Ecumenical Temple
  1136 | Temple   | Fell from the grace of Ru
  1136 | Temple   | Became a worshipper of Warmaster Okawaru
  1178 | D:4      | Noticed a scorpion
  1182 | D:4      | Killed a scorpion
  1210 | D:4      | HP: 2/41 [orc wizard/puff of flame (7)]
  1212 | D:4      | Killed from afar by an orc wizard

Illustrated notes

Levels and vault maps discovered:
D:1:      doesnt_arrival_eight_statues, layout_basic,
          hellmonk_ecumenical_altar_arch_garden
D:2:      minmay_kobold_bridge, layout_basic
D:4:      layout_rooms, minmay_temple_entry_hall, chequers_serial_rivers_micro_d
Temple:   nicolae_temple_elliptical

Skill      XL: |  1  2  3  4 |
---------------+-------------+-----
Axes           | 3 4 |  4.1
Fighting       | 4 |  4.3
Armour         | 4 |  4.3
Shields        | 4 |  4.3
Throwing       | 1 |  1.3

Action                   |  1- 3 |  4- 6 || total
-------------------------+-------+-------++-------
Melee: War axe           |    61 |    29 ||    90
       Headbutt          |     4 |       ||     4
Throw: Dart              |       |     2 ||     2
Invok: Reject Sacrifices |     1 |       ||     1
  Use: Potion            |       |     1 ||     1
Armor: Scale mail        |    19 |       ||    19
       Plate armour      |    45 |    22 ||    67
Dodge: Dodged            |    33 |     3 ||    36
Block: Buckler           |    20 |     4 ||    24
